 Dungeon Crawl Stone Soup version 0.31-a0-142-g31f6795574 (webtiles) character file.

Game seed: 11511440745817034075

1567 timneilson the Shield-Bearer (level 8, -4/44 HPs)
             Began as a Gargoyle Fighter on June 3, 2023.
             Was an Initiate of Okawaru.
             Slain by a black bear (5 damage)
             ... on level 6 of the Dungeon.
             The game lasted 00:10:55 (4953 turns).

timneilson the Shield-Bearer (Gargoyle Fighter)     Turns: 4953, Time: 00:10:55

Health: -4/44      AC: 20    Str: 25    XL:     8   Next: 90%
Magic:  8/8        EV: 10    Int: 10    God:    Okawaru [......]
Gold:   345        SH:  6    Dex: 17    Spells: 7/7 levels left

rFire   . . .        a - +0 long sword
rCold   . . .        c - +0 buckler
rNeg    + . .        m - +0 chain mail
rPois   ∞            (no helmet)
rElec   +            l - +0 cloak
rCorr   .            t - +0 pair of gloves
SInv    .            (no boots)
Will    .....        r - amulet of the acrobat Stlth
                     g - +6 ring of strength
HPRegen 0.27/turn    o - +6 ring of dexterity
MPRegen 0.11/turn

%: acrobat
@: no status effects
A: sickness immunity, AC +5, negative energy resistance 1, electricity
resistance, torment resistance 1, petrification resistance, iridescent scales 1,
frail 1, MP-powered wands
a: Renounce Religion


You were on level 6 of the Dungeon.
You worshipped Okawaru.
Okawaru was noncommittal.
You visited 2 branches of the dungeon, and saw 7 of its levels.

You collected 345 gold pieces.

Inventory:

Hand Weapons
 a - a +0 long sword (weapon)
Missiles
 k - a throwing net (quivered)
Armour
 c - a +0 buckler (worn)
 l - a +0 cloak (worn)
 m - a +0 chain mail (worn)
 n - a +0 plate armour
 t - a +0 pair of gloves (worn)
Jewellery
 g - a +6 ring of strength (left hand)
 h - a +5 ring of evasion
 o - a +6 ring of dexterity (right hand)
 r - an amulet of the acrobat (around neck)
Scrolls
 b - a scroll of summoning
 p - 4 scrolls of immolation
 v - 2 scrolls of teleportation {unknown}
 w - a scroll of poison {unknown}
Potions
 d - a potion of might
 e - 2 potions of attraction
 f - a potion of lignification
 i - 2 potions of mutation
 j - 3 potions of enlightenment
 q - a potion of haste


   Skills:
 + Level 5.3 Fighting
 * Level 5.2 Long Blades
 * Level 6.7 Armour
 + Level 2.8 Dodging
 * Level 6.8 Shields
 + Level 0.0 Invocations


You had 7 spell levels left.
You didn't know any spells.
Your spell library contained the following spells:

 Spells                   Type           Power      Damage    Failure   Level
 Foxfire                  Conj/Fire      0%         2x1d4     90%         1
 Ignite Poison            Fire/Tmut/Pois 0%         N/A       99%         3
 Fireball                 Conj/Fire      0%         3d3       100%        5
 Freezing Cloud           Conj/Ice/Air   0%         6-21      100%        5
 Conjure Ball Lightning   Conj/Air       0%         3x3d6     100%        6
 Plasma Beam              Fire/Air       0%         2x1d10    100%        6
 Starburst                Conj/Fire      0%         6d3       100%        6
 Discord                  Hex            0%         N/A       100%        8
 Disjunction              Tloc           0%         N/A       100%        8
 Summon Small Mammal      Summ           Unusable   N/A       N/A         1
 Cigotuvi's Dreadful Rot  Necr/Pois/Air  Unusable   N/A       N/A         2
 Call Canine Familiar     Summ           Unusable   N/A       N/A         3
 Summon Guardian Golem    Hex/Summ       Unusable   N/A       N/A         3

Dungeon Overview and Level Annotations

Branches:
Dungeon (6/15)             Temple (1/1) D:6

Altars:
Ashenzari
Cheibriados
Dithmenos
Fedhas
Gozag
Hepliaklqana
Kikubaaqudgha
Makhleb
Nemelex Xobeh
Okawaru
Qazlal
Ru
Trog
Uskayaw
Vehumet
Wu Jian
Xom
Yredelemnul
The Shining One

Shops:
D:1 ?   D:4 (


Innate Abilities, Weirdness & Mutations

You are immune to sickness and miasma.
Your stone body is resilient. (AC +5)
You are immune to poison.
You resist negative energy. (rN+)
You are resistant to electric shocks. (rElec)
You are resistant to unholy torment.
You are immune to petrification.
You are partially covered in iridescent scales. (AC +2)
You are frail. (-10% HP)
You expend magic power (3 MP) to strengthen your wands.


Message History

You barely miss the black bear.
The black bear is severely wounded.
The black bear bites you but does no damage.
The black bear closely misses you.
The black bear claws you but does no damage.
You block the black bear's attack. The black bear misses you.
The black bear claws you but does no damage.
You hit the black bear.
The black bear is severely wounded.
The black bear bites you. You block the black bear's attack. x2
You hit the black bear.
The black bear is severely wounded.
The black bear bites you!
* * * LOW HITPOINT WARNING * * *
The black bear closely misses you. You block the black bear's attack.
The black bear bites you!
* * * LOW HITPOINT WARNING * * *
The black bear barely misses you. The black bear completely misses you.
You slash the black bear!
The black bear is almost dead.
The black bear bites you.
* * * LOW HITPOINT WARNING * * *
You block the black bear's attack. x2; The black bear bites you.
* * * LOW HITPOINT WARNING * * *
The black bear claws you but does no damage.
You block the black bear's attack.
Unknown command.
It was a potion of brilliance.
You feel clever all of a sudden.
You block the black bear's attack. x2; The black bear barely misses you.
It was a potion of cancellation.
Your magical effects are unravelling.
You feel magically purged.
You feel a little less clever now.
The black bear bites you but does no damage.
The black bear barely misses you.
The black bear claws you but does no damage.
You block the black bear's attack. The black bear barely misses you.
The black bear claws you.
You die...

############ #####
#........[.# ....######
#..........# .........#
#..........# ......<#.#
#..........#
....####.####..........#
............)...@h>....#
....#[#..#########+#####
....#.#..# #.# ....#.#..#
#.########### ....#.#..#
######...........#
....#.#..####........#######.#
....#.#.....'........# #.####
....#.#.#####........# #....#
....#.#.# #........# ####.#


You could see a black bear (berserk).

Vanquished Creatures
  Sigmund (D:2)
  Eustachio (D:5)
  A water moccasin (D:4)
  An ice beast (D:5)
  A sky beast (D:6)
  2 black bears (D:6)
  A centaur (D:6)
  3 scorpions
  A howler monkey (D:4)
  2 orc priests (D:6)
  Crazy Yiuf (D:2)
  2 hounds
  Jessica (D:2)
  Terence (D:3)
  An iguana (D:5)
  4 orc wizards
  3 adders
  3 shadow imps
  A white imp (D:4)
  A worm (D:3)
  3 dart slugs (D:1)
  23 orcs
  8 ball pythons
  8 endoplasms
  5 giant cockroaches
  6 hobgoblins
  2 jackals (D:1)
  3 quokkas
  7 bats
  4 frilled lizards
  11 goblins
  6 kobolds
  5 rats
123 creatures vanquished.

Notes
Turn   | Place    | Note
-------+----------+-------------------------------------------
     0 | D:1      | timneilson the Gargoyle Fighter began the quest for the
                  | Orb.
     0 | D:1      | Reached XP level 1. HP: 14/14 MP: 1/1
   188 | D:1      | Found a faded altar of an unknown god.
   211 | D:1      | Reached XP level 2. HP: 18/19 MP: 2/2
   319 | D:1      | Found The Oracle's Delphic Readings.
   413 | D:1      | Reached XP level 3. HP: 22/23 MP: 3/3
   703 | D:2      | Noticed Jessica
   717 | D:2      | Killed Jessica
   745 | D:2      | Reached XP level 4. HP: 28/28 MP: 4/4
   768 | D:2      | Found a runed translucent door.
   769 | D:2      | Noticed Crazy Yiuf
   791 | D:2      | Noticed Sigmund
   798 | D:2      | Killed Sigmund
   799 | D:2      | Reached skill level 1 in Dodging
   799 | D:2      | Reached XP level 5. HP: 33/33 MP: 5/5
   828 | D:2      | Reached XP level 6. HP: 38/38 MP: 6/6
  1381 | D:2      | Killed Crazy Yiuf
  1785 | D:3      | Noticed Terence
  1805 | D:3      | Killed Terence
  2336 | D:4      | Noticed a water moccasin
  2348 | D:4      | Killed a water moccasin
  2349 | D:4      | Reached skill level 5 in Armour
  2349 | D:4      | Reached skill level 5 in Shields
  2349 | D:4      | Reached XP level 7. HP: 34/43 MP: 7/7
  2995 | D:4      | Found Tilin's Weapon Shop.
  3194 | D:5      | Entered Level 5 of the Dungeon
  3270 | D:5      | Found a sparkling altar of Nemelex Xobeh.
  3280 | D:5      | Found a broken altar of Ashenzari.
  3339 | D:5      | Noticed Eustachio
  3364 | D:5      | Gained mutation: You are frail. (-10% HP) [potion of
                  | mutation]
  3364 | D:5      | Gained mutation: You are partially covered in iridescent
                  | scales. (AC +2) [potion of mutation]
  3364 | D:5      | Gained mutation: You expend magic power (3 MP) to
                  | strengthen your wands. [potion of mutation]
  3389 | D:5      | Killed Eustachio
  3390 | D:5      | Reached XP level 8. HP: 13/43 MP: 8/8
  3887 | D:5      | Found a sacrificial altar of Ru.
  3887 | D:5      | Found a shimmering altar of Xom.
  3887 | D:5      | Found a snail-covered altar of Cheibriados.
  4068 | D:6      | Reached skill level 5 in Fighting
  4455 | D:6      | Reached skill level 5 in Long Blades
  4646 | D:6      | Found a staircase to the Ecumenical Temple.
  4652 | Temple   | Entered the Ecumenical Temple
  4711 | Temple   | Became a worshipper of Warmaster Okawaru
  4951 | D:6      | HP: 1/44 [black bear (3)]
  4953 | D:6      | Slain by a black bear

Illustrated notes

Levels and vault maps discovered:
D:1:      lemuel_arrival_river_ford, layout_rooms, basic_ecumenical_altar,
          nicolae_nh_oracle_at_delphi
D:2:      layout_basic, uniq_crazy_yiuf_cottage, uniq_sigmund, uniq_jessica
D:3:      layout_loops_ring, kennysheep_cross_bottleneck,
          minmay_misc_feat_roman, uniq_terence
D:4:      layout_basic, serial_shops, nicolae_shop_tiny_real_fake_doors,
          kennysheep_generic_room_8, uniq_robin
D:5:      layout_cave_pools, gammafunk_temple_overflow_claw,
          mainiacjoe_overflow_large_starburst, uniq_eustachio
D:6:      layout_basic, minmay_temple_entry_wispy
Temple:   kb_temple_of_zot

Skill      XL: |  1  2  3  4  5  6  7  8 |
---------------+-------------------------+-----
Long Blades    | 2 3 4 5 |  5.2
Armour         | 4 5 6 |  6.7
Dodging        | 1 2 |  2.8
Shields        | 4 5 6 |  6.8
Fighting       | 4 5 |  5.3

Action                     |  1- 3 |  4- 6 |  7- 9 || total
---------------------------+-------+-------+-------++-------
  Melee: Long sword        |    69 |   131 |   247 ||   447
         Unarmed           |       |     3 |       ||     3
    Use: Scroll            |     5 |     3 |     2 ||    10
         Potion            |       |     1 |     6 ||     7
 Armour: Scale mail        |    28 |     2 |       ||    30
         Chain mail        |       |    54 |   247 ||   301
  Dodge: Dodged            |    27 |    76 |   151 ||   254
  Block: Buckler           |    12 |    48 |   128 ||   188

Table legend: (Time is in decaauts)
 A = Elapsed time spent in this place.
 B = Non-inter-level travel time spent in this place.
 C = Inter-level travel time spent in this place.
 D = Time resting spent in this place.
 E = Time spent auto-exploring this place.
 F = Levels seen in this place.
 G = Mean time per level.
                   A        B        C        D        E       F      G
               +--------+--------+--------+--------+--------+-----+--------+
         Total |   5045 |   4852 |    193 |     82 |   3519 |   7 |  720.7 |
       Dungeon |   4940 |   4791 |    149 |     82 |   3476 |   6 |  823.3 |
        Temple |    104 |     60 |     44 |      0 |     43 |   1 |  104.0 |
               +--------+--------+--------+--------+--------+-----+--------+

Top non-repeatable levels by time:
     D:4: 970 daAuts
     D:6: 930 daAuts
     D:3: 797 daAuts
     D:2: 791 daAuts
     D:5: 740 daAuts
     D:1: 710 daAuts
  Temple: 104 daAuts
